Map: Simulacrum LE

Players

KilgoreTrout

  • Race: Protoss Protoss
  • League: Diamond
  • Spawn Location: 11:00

MeRciLeSs - Winner!

  • Race: Terran Terran
  • League: Diamond
  • Spawn Location: 5:00

VOD

Have the link to the VOD?

Description

Time

  • Played on: Dec. 3, 2019, 5:32 p.m.
  • Length: 11:03
Show
View Real Time Build Order
Export as new Build Order

KilgoreTrout Protoss 

Build Orders: 1 Gate Expand, Chargelot Immortal 

Get SALT Encoding   

  12  0:00  Probe  
  13  0:14  Probe  
  14  0:25  Pylon  
  14  0:28  Probe  
  15  0:43  Probe (Chrono Boost)  
  15  0:49  Gateway  
  16  0:50  Assimilator  
  16  0:55  Probe (Chrono Boost)  
  17  0:59  Probe (Chrono Boost)  
  18  1:10  Probe (Chrono Boost)  
  19  1:21  Probe (Chrono Boost)  
  20  1:28  Nexus  
  20  1:48  Probe  
  21  2:00  Probe  
  21  2:03  Assimilator, Cybernetics Core  
  21  2:10  Pylon  
  21  2:13  Probe  
  22  2:25  Probe  
  23  2:36  Gateway  
  23  2:37  Probe, Stalker (Chrono Boost)  
  23  2:41  Warp Gate  
  26  2:45  Robotics Facility  
  26  2:47  Probe (Chrono Boost)  
  28  2:55  Probe (Chrono Boost)  
  28  2:58  Probe (Chrono Boost)  
  29  2:59  Stalker  
  29  3:03  Probe (Chrono Boost)  
  32  3:06  Probe  
  32  3:10  Pylon  
  33  3:15  Probe  
  34  3:20  Probe  
  34  3:27  Probe  
  34  3:28  Stalker  
  34  3:32  Probe  
  39  3:34  Observer  
  39  3:39  Probe  
  40  3:45  Probe (Chrono Boost)  
  41  3:48  Stalker  
  41  3:53  Twilight Council  
  44  3:57  Probe (Chrono Boost), Assimilator  
  44  4:00  Probe (Chrono Boost), Observer, Assimilator  
  46  4:05  Probe (Chrono Boost)  
  46  4:08  Probe (Chrono Boost)  
  48  4:10  Pylon  
  48  4:13  Probe  
  49  4:18  Probe  
  50  4:25  Probe  
  50  4:27  Charge (Chrono Boost)  
  50  4:30  Immortal (Chrono Boost)  
  51  4:34  Observer  
  51  4:37  Pylon  
  55  4:41  Probe x2  
  55  4:44  Observer  
  57  4:58  Probe x2  
  59  5:07  Observer  
  59  5:09  Immortal  
  59  5:10  Probe  
  59  5:13  Templar Archives  
  64  5:15  Probe  
  64  5:16  Gateway  
  64  5:20  Gateway  
  65  5:27  Nexus  
  65  5:32  Probe x2  
  67  5:41  Pylon  
  67  5:44  Pylon, Probe x2  
  67  5:47  Pylon  
  67  5:49  Forge  
  69  5:51  Psionic Storm  
  69  5:53  Forge  
  69  5:59  Immortal  
  73  6:11  Sentry, Observer  
  73  6:12  Sentry  
  73  6:15  High Templar x2  
  81  6:22  Probe  
  82  6:29  Protoss Ground Weapons Level 1 (Chrono Boost)  
  82  6:30  Shield Battery  
  82  6:37  Probe  
  82  6:39  Protoss Ground Armor Level 1 (Chrono Boost)  
  83  6:41  Immortal  
  83  6:45  Probe  
  83  6:46  Pylon  
  88  6:47  Gateway  
  88  6:48  Gateway  
  88  6:57  Probe x2  
  90  7:04  Probe  
  90  7:06  Blink  
  91  7:09  Probe  
  91  7:10  Probe  
  91  7:12  Assimilator  
  91  7:14  Assimilator  
  93  7:16  Probe  
  93  7:18  Zealot  
  93  7:22  Probe  
  97  7:24  Immortal (Chrono Boost)  
  97  7:26  Probe  
  102  7:32  Zealot x2  
  102  7:33  Zealot  
  108  7:41  High Templar  
  109  7:49  Zealot x2  
  112  7:57  Gateway, Immortal  
  116  7:58  Gateway  
  116  8:03  Shield Battery  
  116  8:05  Shield Battery  
  116  8:06  Shield Battery  
  95  8:34  Zealot x5  
  97  8:35  Zealot  
  97  8:36  Immortal  
  88  8:50  Probe  
  88  8:53  Stalker  
  88  8:54  Gateway, Stalker  
  88  8:55  Zealot, Stalker  
  83  8:56  Zealot x4  
  83  9:18  Stalker x4  
  83  9:19  Stalker, High Templar  
  83  9:20  Zealot, High Templar  
  83  9:22  Immortal (Chrono Boost)  
  83  9:24  Archon  
  99  9:31  Probe  
  104  9:42  Zealot x5  
  104  9:45  High Templar  
  116  10:00  Pylon  
  116  10:02  Pylon  
  50  10:21  High Templar x2  
  50  10:22  Immortal (Chrono Boost), High Templar  
  50  10:28  High Templar  
  58  10:29  Zealot x5  
  56  10:52  Zealot x2  
  56  10:53  Zealot x4  
Show
View Real Time Build Order
Export as new Build Order

MeRciLeSs Terran - Winner!

Build Orders: Cyclone Opening 

Get SALT Encoding   

  12  0:00  SCV  
  13  0:13  SCV  
  14  0:17  Supply Depot  
  14  0:25  SCV  
  15  0:28  Refinery  
  15  0:39  SCV  
  16  0:45  Barracks  
  16  0:52  SCV  
  17  1:04  SCV  
  18  1:18  SCV  
  20  1:33  Marine  
  20  1:34  Factory, Orbital Command  
  20  1:46  Supply Depot  
  20  1:51  Marine  
  21  2:02  SCV  
  22  2:09  Marine  
  22  2:14  SCV  
  24  2:19  Factory Tech Lab  
  24  2:23  Command Center  
  24  2:29  Supply Depot, SCV  
  25  2:31  Marine  
  26  2:41  SCV  
  26  2:42  Cyclone  
  30  2:48  Refinery  
  30  2:54  Barracks Reactor  
  30  2:57  SCV  
  31  3:06  Bunker  
  31  3:09  SCV  
  32  3:21  SCV  
  32  3:22  Starport  
  33  3:31  Marine x2  
  33  3:33  SCV  
  36  3:36  Orbital Command  
  36  3:39  Siege Tank  
  39  3:46  SCV  
  40  3:49  Marine x2  
  42  3:58  SCV  
  42  4:00  Starport Reactor  
  42  4:02  SCV  
  44  4:05  Supply Depot  
  44  4:08  Engineering Bay  
  44  4:10  SCV  
  44  4:11  Marine x2  
  44  4:14  SCV  
  48  4:20  Siege Tank  
  48  4:22  SCV  
  52  4:27  SCV  
  52  4:28  Marine  
  52  4:29  Marine  
  55  4:34  SCV  
  55  4:37  Missile Turret  
  56  4:39  Terran Infantry Weapons Level 1, SCV  
  56  4:45  Supply Depot  
  57  4:46  SCV  
  57  4:47  Supply Depot  
  57  4:48  Marine x2  
  57  4:51  SCV  
  61  4:58  SCV  
  62  5:03  Refinery, Barracks  
  62  5:06  Barracks  
  62  5:07  Refinery, SCV  
  63  5:14  SCV  
  64  5:15  Siege Tank, Marine x2  
  64  5:19  SCV  
  70  5:26  SCV  
  70  5:27  Supply Depot x2  
  71  5:31  SCV  
  71  5:34  Marine x2  
  74  5:38  SCV  
  75  5:43  Barracks  
  75  5:44  SCV, Barracks  
  76  5:50  Supply Depot, SCV  
  76  5:53  Barracks Tech Lab, Liberator x2  
  76  5:54  Barracks Tech Lab  
  77  5:57  Siege Tank  
  77  6:01  Marine x2  
  77  6:02  SCV  
  77  6:03  SCV  
  84  6:06  Supply Depot  
  90  6:12  Stimpack  
  90  6:15  Combat Shield  
  90  6:21  Supply Depot, Marine x2  
  92  6:28  Supply Depot  
  92  6:30  Supply Depot, Marine x2  
  94  6:34  Marine x2  
  94  6:36  Liberator x2  
  94  6:39  Marine  
  97  6:41  Siege Tank  
  100  6:54  Marine x4  
  107  6:58  Marine x2  
  112  7:04  Supply Depot  
  112  7:07  Supply Depot  
  112  7:16  Siege Tank  
  112  7:17  Marine x5  
  112  7:18  Marine  
  121  7:24  Supply Depot  
  121  7:31  Liberator  
  121  7:32  Liberator  
  121  7:35  Marine x5  
  121  7:36  Marine  
  127  7:50  Siege Tank  
  136  7:53  Marine x4  
  136  7:54  Marine x2  
  142  8:11  Marine x3  
  134  8:22  Siege Tank  
  130  8:30  Marine x6  
  130  8:33  Medivac x2  
  140  8:48  Marine x6  
  133  8:54  Siege Tank  
  142  9:06  Marine x6, Liberator x2  
  138  9:24  Marine x6  
  145  9:41  Marine  
  145  9:42  Marine x5  
  151  9:48  Liberator  
  150  9:59  Marine x4  
  151  10:00  Marine x2  
  151  10:06  Medivac  
  138  10:15  Siege Tank  
  138  10:17  Marine x5  
  138  10:19  Marine  
  137  10:35  Marine x5  
  138  10:37  Marine  
Tags
 
Add a new tag
Caveats
  • Supply blocks, unpowered buildings, or Contaminate may cause inaccurate times.
  • Supply counts are checked every 10 seconds.